Map: Torres del ocaso

Players

Xandros - Winner!

  • Race: Zerg Zerg

IA (Medio) 1

  • Race: Terran Terran

VOD

Have the link to the VOD?

Description

Time

  • Played on: Nov. 25, 2015, 8:19 a.m.
  • Length: 9:01
Show
View Real Time Build Order
Export as new Build Order

Xandros Zerg - Winner!

Build Orders: Hatch First 

Get SALT Encoding   

  12  0:03  Drone  
  13  0:13  Overlord  
  13  0:22  Drone  
  14  0:31  Drone x2  
  16  0:36  Drone  
  17  1:00  Hatchery, Drone x2  
  18  1:07  Extractor  
  17  1:18  Spawning Pool  
  17  1:19  Drone  
  17  1:22  Drone  
  18  1:29  Drone  
  19  1:44  Overlord  
  19  2:05  Queen  
  21  2:08  Zergling x2  
  21  2:09  Zergling x2  
  23  2:20  Queen  
  25  2:26  Drone x4  
  29  2:31  Metabolic Boost  
  29  2:38  Drone  
  29  2:39  Drone  
  31  2:47  Roach Warren  
  31  2:51  Drone x2  
  32  3:04  Overlord  
  32  3:17  Drone x2  
  34  3:23  Extractor  
  33  3:29  Drone  
  34  3:34  Roach  
  34  3:35  Roach x2  
  34  3:36  Roach  
  34  3:37  Roach  
  44  3:49  Overlord x2  
  44  3:53  Overlord  
  44  4:08  Ravager  
  44  4:09  Ravager  
  46  4:19  Drone x5  
  51  4:26  Roach x3  
  51  4:27  Roach  
  59  4:49  Drone x2  
  59  4:50  Drone  
  59  4:52  Overlord x3  
  62  4:59  Lair  
  62  5:07  Roach  
  62  5:08  Roach  
  56  5:53  Roach x2  
  56  5:54  Roach x10  
  80  6:04  Ravager  
  81  6:28  Drone  
  81  6:29  Drone x2  
  84  6:33  Extractor  
  84  6:34  Zergling x6  
  84  6:35  Extractor  
  85  6:45  Overseer  
  85  6:52  Zergling x4  
  85  6:53  Zergling x2  
  88  7:40  Roach  
  88  7:41  Roach  
  91  7:57  Overlord x3  
  91  8:00  Overlord x3  
  91  8:25  Zergling x10  
  91  8:26  Zergling x22  
Show
View Real Time Build Order
Export as new Build Order

IA (Medio) 1 Terran 

Build Orders:  

Get SALT Encoding   

  12  0:00  SCV  
  13  0:13  SCV  
  14  0:19  Supply Depot  
  14  0:25  SCV  
  15  0:40  SCV  
  15  0:41  Barracks  
  16  0:50  Refinery  
  16  0:52  SCV  
  17  1:04  SCV  
  18  1:16  Supply Depot  
  18  1:28  Orbital Command  
  18  1:29  Marine  
  18  1:32  Barracks  
  19  1:41  Refinery  
  19  1:47  Barracks Tech Lab  
  19  2:05  Marine  
  20  2:09  Supply Depot  
  20  2:23  Marine  
  20  2:27  Marine  
  20  2:29  SCV  
  23  2:41  SCV, Marine  
  23  2:42  Engineering Bay  
  25  2:45  Marine  
  26  2:53  SCV  
  26  2:55  Supply Depot  
  27  2:59  Marauder  
  27  3:05  SCV  
  30  3:17  SCV  
  31  3:21  Marauder  
  33  3:29  SCV  
  34  3:42  Marauder  
  36  5:14  SCV, Barracks Tech Lab  
  36  5:17  Factory  
  36  5:20  Command Center, Factory  
  37  5:22  Missile Turret  
  37  5:24  Missile Turret  
  37  5:26  Barracks  
  37  5:29  Supply Depot  
  37  5:34  Sensor Tower  
  37  5:36  Marine  
  31  5:44  Bunker  
  31  5:47  Marine  
  27  5:58  Marine  
  27  6:00  Supply Depot  
  27  6:02  Factory Tech Lab, Starport  
  27  6:04  Factory Tech Lab  
  28  6:10  Marine  
  29  6:20  Armory  
  29  6:21  Marine  
  30  6:26  Barracks Reactor  
  30  6:33  Marine  
  30  6:34  SCV, Refinery  
  30  6:36  SCV  
  33  6:42  Missile Turret, Starport Tech Lab  
  33  6:44  Missile Turret  
  33  6:45  Marauder  
  33  6:46  SCV  
  33  6:47  Refinery  
  36  6:48  SCV  
  36  6:56  Marauder  
  36  6:58  SCV  
  36  7:01  SCV, Raven  
  38  7:10  SCV  
  39  7:18  Hellion  
  36  7:26  Marauder  
  34  7:34  SCV  
  30  7:37  SCV  
  30  7:39  Hellion  
  30  7:41  Marauder  
  25  7:47  SCV  
  25  7:50  SCV  
  23  8:00  Widow Mine  
  23  8:06  SCV  
  23  8:08  SCV  
  24  8:18  SCV  
  24  8:25  SCV  
  23  8:30  SCV  
  21  8:37  SCV  
  20  8:48  Supply Depot  
Tags
 
Add a new tag
Caveats
  • Supply blocks, unpowered buildings, or Contaminate may cause inaccurate times.
  • Supply counts are checked every 10 seconds.